Map: Terrasses de Prion

Players

zidar

  • Race: Zerg Zerg
  • League: Silver
  • Spawn Location: 11:00

Jianni - Winner!

  • Race: Terran Terran
  • League: Silver
  • Spawn Location: 5:00

VOD

Have the link to the VOD?

Description

Time

  • Played on: Nov. 27, 2015, 11:06 a.m.
  • Length: 9:49
Show
View Real Time Build Order
Export as new Build Order

zidar Zerg 

Build Orders: Pool First 

Get SALT Encoding   

  12  0:03  Drone  
  13  0:12  Drone  
  14  0:17  Overlord  
  14  0:25  Extractor, Drone  
  14  0:35  Drone  
  16  0:36  Drone  
  17  0:50  Extractor  
  17  0:54  Spawning Pool  
  17  0:55  Drone  
  16  0:58  Drone  
  17  1:21  Drone x2  
  19  1:38  Hatchery  
  18  1:48  Drone x2  
  20  1:54  Queen  
  20  1:57  Metabolic Boost  
  22  2:13  Overlord  
  22  2:14  Overlord  
  22  2:35  Queen  
  24  2:47  Zergling x6  
  27  2:58  Zergling x2  
  27  2:59  Zergling x2  
  29  3:11  Queen  
  31  3:16  Baneling Nest  
  31  3:19  Overlord  
  30  3:22  Zergling x4  
  30  3:23  Zergling x4  
  32  4:02  Zergling x20  
  42  4:08  Baneling x3  
  42  4:09  Baneling x2  
  42  4:12  Baneling  
  42  4:13  Baneling  
  42  4:41  Spore Crawler  
  29  5:58  Zergling x2  
  29  5:59  Zergling x32  
  41  6:32  Lair  
  39  7:05  Spore Crawler  
  33  8:04  Hatchery  
  31  8:08  Hatchery  
  29  8:51  Hatchery  
  28  9:37  Hatchery  
Show
View Real Time Build Order
Export as new Build Order

Jianni Terran - Winner!

Build Orders: 1/1/1 

Get SALT Encoding   

  12  0:02  SCV  
  13  0:15  Supply Depot  
  13  0:18  SCV  
  14  0:25  Refinery  
  14  0:30  SCV  
  15  0:43  Barracks  
  15  0:47  SCV  
  16  0:59  SCV  
  17  1:11  SCV  
  18  1:23  SCV  
  18  1:25  Refinery  
  19  1:30  Marine  
  20  1:35  Factory  
  20  1:38  SCV  
  21  1:40  Supply Depot  
  21  1:51  SCV  
  22  1:56  Marine  
  23  2:03  SCV  
  24  2:14  Marine  
  24  2:15  SCV  
  26  2:19  Starport  
  26  2:24  Hellion  
  28  2:31  Marine  
  29  2:37  Engineering Bay  
  29  2:44  Starport  
  29  2:49  Hellion  
  31  2:57  Supply Depot  
  31  3:05  Starport Tech Lab  
  31  3:12  Orbital Command  
  31  3:20  Supply Depot  
  31  3:24  Starport Tech Lab  
  31  3:32  Banshee  
  34  3:39  Hellion  
  36  3:48  Banshee  
  39  4:03  Factory Tech Lab  
  39  4:11  Cloaking Field  
  39  4:15  Banshee  
  42  4:22  Siege Tank  
  45  4:32  Supply Depot  
  15  6:10  Liberator  
  18  6:53  Liberator  
Tags
 
Add a new tag
Caveats
  • Supply blocks, unpowered buildings, or Contaminate may cause inaccurate times.
  • Supply counts are checked every 10 seconds.